 Dungeon Crawl Stone Soup version 0.24-a0-57-gac335f2 (webtiles) character file.

Game seed: 6101567315239695427

212 Flobalob the Magician (level 5, -1/32 HPs)
             Began as an Octopode Wizard on Feb 4, 2019.
             Slain by a hound (5 damage)
             ... on level 4 of the Dungeon.
             The game lasted 00:10:09 (4572 turns).

Flobalob the Magician (Octopode Wizard)             Turns: 4572, Time: 00:10:11

Health: -1/32      AC:  1    Str:  6    XL:     5   Next: 90%
Magic:  5/11       EV: 13    Int: 20    God:
Gold:   225        SH:  0    Dex: 12    Spells: 7/12 levels left

rFire    . . .     SeeInvis .   l - +0 trident (curse)
rCold    . . .     Gourm    .   (no shield)
rNeg     . . .     Faith    .   a - +0 hat
rPois    .         Spirit   .   (no amulet)
rElec    .         Reflect  .   (no ring)
rCorr    .         Harm     .   (no ring)
MR       .....                  (no ring)
Stlth    +++.......             (no ring)
HPRegen  0.10/turn              (no ring)
MPRegen  0.12/turn              (no ring)
                                (no ring)
                                (no ring)

@: no status effects
A: almost no armour, stealthy swim, amphibious, 8 rings, constrict 8, camouflage
1, gelatinous body 1
a: no special abilities


You were on level 4 of the Dungeon.
You were not hungry.

You visited 1 branch of the dungeon, and saw 4 of its levels.

You collected 225 gold pieces.

Inventory:

Hand Weapons
 d - a +0 dagger
 l - a cursed +0 trident (weapon)
Armour
 a - a +0 hat (worn)
Scrolls
 e - a scroll of noise {unknown}
 g - a scroll of remove curse {unknown}
 h - a scroll of fear {unknown}
 i - 2 scrolls of immolation {unknown}
 j - 4 scrolls of random uselessness {unknown}
 m - a scroll of teleportation {unknown}
 p - 3 scrolls of identify {unknown}
Potions
 b - a potion of flight {unknown}
 f - a potion of brilliance {unknown}
 k - a potion of degeneration {unknown}
 n - a potion of magic {unknown}
 o - a potion of might {unknown}
Comestibles
 c - 6 rations
 q - 2 chunks of flesh


   Skills:
 + Level 0.5 Fighting
 - Level 0.5 Short Blades
 + Level 0.5 Polearms
 - Level 2.2 Dodging
 - Level 3.0 Stealth
 - Level 0.1 Unarmed Combat
 + Level 4.1 Spellcasting
 * Level 2.2 Conjurations
 * Level 2.7 Summonings
 * Level 2.0 Translocations


You had 7 spell levels left.
You knew the following spells:

 Your Spells              Type           Power        Failure   Level  Hunger
a - Magic Dart            Conj           ##..         5%          1    None
b - Blink                 Tloc           N/A          9%          2    #......
c - Call Imp              Summ           ###.....     6%          2    #......

Your spell library contained the following spells:

 Spells                   Type           Power        Failure   Level  Hunger
 Slow                     Hex            #.......     19%         2    #......
 Conjure Flame            Conj/Fire      #.......     24%         3    ###....
 Mephitic Cloud           Conj/Pois/Air  #.......     28%         3    ###....


Dungeon Overview and Level Annotations

Branches:
Dungeon (4/15)
 Temple: D:4-7

Altars:
Cheibriados
Fedhas
Nemelex Xobeh
Qazlal
Ru
Trog
Uskayaw
Zin

Annotations:
D:2 exclusion: downstairs


Innate Abilities, Weirdness & Mutations

You cannot wear most types of armour.
You are very stealthy in the water. (Stealth+)
You are amphibious.
You can wear up to eight rings at the same time.
You can use your tentacles to constrict eight enemies at once.
Your skin changes colour to match your surroundings (Stealth+).
Your rubbery body absorbs attacks. (AC +1, EV +1)


Message History

The hound bites your crimson imp.
Your crimson imp misses the hound.
The hound bites your crimson imp.
Your crimson imp dies!
You swap places.
Your crimson imp hits the hound.
Attack whom?
Press: ? - help, Dir - move target cursor, f/p - hound
Aim: a hound (severely wounded)
You reach to attack!
You hit the hound but do no damage.
The hound is severely wounded.
The hound bites your crimson imp.
Your crimson imp blinks!
You hit the hound but do no damage. Your grab misses the hound.
The hound is severely wounded.
The hound bites you.
* * * LOW HITPOINT WARNING * * *
The hound closely misses you.
You barely miss the hound. Your grab misses the hound.
The hound is severely wounded.
The hound bites you.
You die...

#... ### ###
#.... ....
..##.....
#..##.#......
#)...).......
#.# #5# #h#
#@# #<# #.#
... ##...
#####


You could see a hound and a friendly crimson imp.

Vanquished Creatures
  An ogre (D:4)
  3 adders (D:2)
  An adder skeleton (D:4)
  A leopard gecko (D:2)
  An orc (D:3)
  6 giant cockroaches
  15 goblins
  7 hobgoblins
  3 jackals (D:1)
  5 kobolds
  A quokka (D:2)
  A ball python (D:2)
  3 bats
  4 frilled lizards
  11 rats
63 creatures vanquished.

Vanquished Creatures (collateral kills)
  A sky beast (D:3)
  Robin (D:3)
  3 adders
  A worm (D:3)
  A goblin (D:3)
7 creatures vanquished.

Grand Total: 70 creatures vanquished

Notes
Turn   | Place    | Note
-------+----------+-------------------------------------------
     0 | D:1      | Flobalob the Octopode Wizard began the quest for the Orb.
     0 | D:1      | Reached XP level 1. HP: 11/11 MP: 4/4
   407 | D:1      | Reached XP level 2. HP: 17/17 MP: 3/6
   439 | D:1      | Learned a level 2 spell: Blink
   442 | D:1      | Learned a level 2 spell: Call Imp
  1394 | D:2      | Found a sparkling altar of Nemelex Xobeh.
  1396 | D:2      | Reached XP level 3. HP: 21/21 MP: 8/8
  1580 | D:2      | Noticed a +0 dagger
  1583 | D:2      | Found a hide-covered altar of Uskayaw.
  1583 | D:2      | Noticed a +0 hand axe
  2269 | D:2      | Reached XP level 4. HP: 21/27 MP: 2/9
  3193 | D:3      | Found a stormy altar of Qazlal.
  3193 | D:3      | Found a blossoming altar of Fedhas.
  3749 | D:3      | Found a snail-covered altar of Cheibriados.
  3775 | D:3      | Noticed Robin
  4065 | D:3      | Found a glowing silver altar of Zin.
  4066 | D:3      | Found a bloodstained altar of Trog.
  4066 | D:3      | Found a sacrificial altar of Ru.
  4111 | D:3      | Noticed a sky beast
  4120 | D:3      | Killed a sky beast
  4120 | D:3      | Reached skill level 4 in Spellcasting
  4120 | D:3      | Reached XP level 5. HP: 20/32 MP: 4/11
  4314 | D:3      | Killed Robin
  4543 | D:4      | Noticed an ogre
  4554 | D:4      | Killed an ogre
  4572 | D:4      | Slain by a hound

Vault maps used:
D:1:      dpeg_arrival_prison, serial_bayou, serial_bayou_pond_e,
          serial_bayou_lagoon_a, serial_bayou_pond_c, serial_bayou_pond_d
D:2:      minmay_angry_zag, dancing_weapons_uskayaw,
          nemelex_xobeh_ov_fountains_minmay
D:3:      grunt_temple_overflow_forces_of_nature,
          chequers_temple_overflow_statue_of_worship,
          nicolae_overflow_crystal_walls, uniq_robin
D:4:      lemuel_round_altar, serial_undead, serial_undead_b, serial_undead_c,
          serial_undead_d, serial_undead_e, serial_park_tiny_1

Skill      XL: |  1  2  3  4  5 |
---------------+----------------+-----
Stealth        | 3 |  3.0
Summonings     | 2 |  2.7
Spellcasting   | 4 |  4.1
Conjurations   | 2 |  2.2
Translocations | 2 |  2.0
Fighting       | |  0.5
Short Blades   | |  0.5
Polearms       | |  0.5
Dodging        | |  2.2
Unarmed Combat | |  0.1

Action                   |  1- 3 |  4- 6 || total
-------------------------+-------+-------++-------
Melee: Unarmed           |    21 |       ||    21
       Constrict         |    13 |    11 ||    24
       Tentacles         |     5 |     3 ||     8
       Dagger            |    34 |    13 ||    47
       Trident           |       |    51 ||    51
 Cast: Magic Dart        |    55 |    30 ||    85
       Call Imp          |     3 |    19 ||    22
       Blink             |     1 |     2 ||     3
  Use: Potion            |       |     1 ||     1
 Stab: Sleeping          |     1 |     7 ||     8
  Eat: Chunk             |     3 |     9 ||    12
Armor: Skin              |     5 |     8 ||    13
Dodge: Dodged            |    56 |    49 ||   105

Table legend:
 A = Non-vault XP
 B = Vault XP
 C = Vault XP percentage of total XP
 D = Non-vault monster count
 E = Vault monster count
 F = Vault count percentage of total count
                 A         B        C        D         E       F
            +---------+---------+-------+---------+---------+-------
      Total |     253 |      51 |  16.8 |      49 |      21 |  30.0
            +---------+---------+-------+---------+---------+-------
        D:1 |      24 |       9 |  27.3 |      16 |       6 |  27.3
        D:2 |      68 |      13 |  16.0 |      17 |       3 |  15.0
        D:3 |      84 |      29 |  25.7 |      13 |      12 |  48.0
        D:4 |      77 |       0 |   0.0 |       3 |       0 |   0.0
            +---------+---------+-------+---------+---------+-------
